 Dungeon Crawl Stone Soup version 0.28.0-43-g3370ac3207 (webtiles) character file.

Game seed: 7412498517596910211

497 Cykl0x the Digger (level 7, 0/36 HPs)
             Began as a Gargoyle Earth Elementalist on Mar 6, 2022.
             Was an Initiate of Vehumet.
             Slain by Pikel
             ... wielding a +1 whip of freezing
              (8 damage)
             ... on level 4 of the Dungeon.
             The game lasted 00:07:04 (4571 turns).

Cykl0x the Digger (Gargoyle Earth Elementalist)     Turns: 4571, Time: 00:07:05

Health: 0/36       AC:  7    Str: 12    XL:     7   Next: 16%
Magic:  0/13       EV: 12    Int: 17    God:    Vehumet [......]
Gold:   141        SH:  5    Dex: 10    Spells: 11/15 levels left

rFire   . . .      SeeInvis .   j - +1 scimitar (protect)
rCold   . . .      Faith    .   (no shield)
rNeg    + . .      Spirit   .   b - +0 robe
rPois   ∞          Reflect  +   (no helmet)
rElec   +          Harm     .   (no cloak)
rCorr   .          Rampage  .   (no gloves)
Will    .....                   n - +0 pair of boots
Stlth   ++........              f - amulet of reflection
HPRegen 0.12/turn               (no ring)
MPRegen 0.13/turn               (no ring)

@: no status effects
A: sickness immunity, AC +4, negative energy resistance 1, electricity
resistance, torment resistance 1, petrification resistance
a: Renounce Religion


You were on level 4 of the Dungeon.
You worshipped Vehumet.
Vehumet was noncommittal.
You visited 1 branch of the dungeon, and saw 4 of its levels.

You collected 141 gold pieces.

Inventory:

Hand Weapons
 d - a +0 short sword
 j - a +1 scimitar of protection (weapon)
 q - a +0 rapier
Missiles
 c - 38 stones
Armour
 b - a +0 robe (worn)
 e - a +0 ring mail
 k - a +0 leather armour
 n - a +0 pair of boots (worn)
 r - a +2 leather armour of positive energy
Jewellery
 f - an amulet of reflection (around neck)
 w - an amulet of guardian spirit
Wands
 l - a wand of mindburst (22)
 p - a wand of charming (6)
Scrolls
 h - a scroll of amnesia
 o - a scroll of immolation
Potions
 a - a potion of berserk rage {unknown}
 g - 2 potions of haste {unknown}
 i - 2 potions of curing {unknown}
 m - a potion of magic {unknown}
 s - 2 potions of attraction {unknown}
 t - a potion of degeneration {unknown}
 u - a potion of mutation {unknown}
 v - 2 potions of ambrosia {unknown}


   Skills:
 + Level 0.2 Fighting
 + Level 1.5 Long Blades
 + Level 2.0 Dodging
 - Level 2.1 Stealth
 + Level 0.9 Shields
 + Level 4.5 Spellcasting
 * Level 3.0 Conjurations
 - Level 0.7 Transmutations
 + Level 5.9 Earth Magic


You had 11 spell levels left.
You knew the following spells:

 Your Spells              Type           Power      Damage    Failure   Level
a - Sandblast             Erth           46%        2d11      1%          1
b - Stone Arrow           Conj/Erth      38%        3d9       7%          3

Your spell library contained the following spells:

 Spells                   Type           Power      Damage    Failure   Level
 Passwall                 Tmut/Erth      12%        N/A       6%          2
 Wereblood                Tmut           6%         N/A       17%         2
 Petrify                  Tmut/Erth      15%        N/A       36%         4
 Summon Guardian Golem    Hex/Summ       3%         N/A       41%         3
 Orb of Destruction       Conj           7%         9d6       100%        7
 Spellforged Servitor     Conj/Summ      4%         N/A       100%        7
 Summon Hydra             Summ           1%         N/A       100%        7
 Sublimation of Blood     Necr           Unusable   N/A       N/A         2

Dungeon Overview and Level Annotations

Branches:
Dungeon (4/15)
 Temple: D:4-7

Altars:
Cheibriados
Fedhas
Kikubaaqudgha
Okawaru
Qazlal
Vehumet

Shops:
D:1 =

Annotations:
D:4 Pikel


Innate Abilities, Weirdness & Mutations

You are immune to sickness and miasma.
Your stone body is resilient. (AC +4)
You are immune to poison.
You resist negative energy. (rN+)
You are resistant to electric shocks. (rElec)
You are resistant to unholy torment.
You are immune to petrification.


Message History

HP restored.
Magic restored.
w - an amulet of guardian spirit
Things that are here:
a +0 hand axe; a +0 leather armour; an orc corpse
There is a stone staircase leading down here.
You climb downwards.
Level annotation: Pikel The lemure barely misses you.
There is a stone staircase leading up here.
You block the lemure's attack.
The stone arrow hits Pikel!
Pikel is moderately wounded.
Pikel hits you with a +1 whip of freezing.
Pikel freezes you.
The stone arrow hits Pikel.
Pikel is heavily wounded.
Pikel barely misses you.
The stone arrow misses Pikel.
The stone arrow hits the lemure!
The lemure is heavily wounded.
Pikel hits you with a +1 whip of freezing!
Pikel freezes you.
The stone arrow hits Pikel!
Pikel is severely wounded.
Pikel hits you with a +1 whip of freezing!
Pikel freezes you.
* * * LOW HITPOINT WARNING * * *
You are too injured to fight recklessly!
You are too injured to fight recklessly!
Casting: Stone Arrow (dangerous; 7% risk of failure)
Confirm with . or Enter, or press ? or * to list all spells.
Aiming: Sandblast (safe; 1% risk of failure)
Press: ? - help, Shift-Dir - straight line, f/p - Pikel
Aim: Pikel, wielding a +1 whip of freezing and wearing a +1 robe of willpower (severely wounded, 76% to hit)
The blast of sand misses Pikel.
The blast of sand hits the lemure but does no damage.
The lemure is heavily wounded.
c - 38 stones Pikel hits you with a +1 whip of freezing!
You die...

. ........########## .
........5.55K....>
...####.....#####.....
..# #.....## .##
#.####....K.#
#.......###.#
#.......###.#
#..........5####
#.........#.##@#
###.........#.##K#
.......#......##5#######.
###.####.#.....#5#.......
#.# #.#.#.....<..# #.#
#.#.#.#.#.#.....# #.#
#.#.#.#.#.#....... #.#
#...#)..#.#..#.... ###.#
#.........#... .#.


You could see Pikel and 2 lemures.

Vanquished Creatures
  Eustachio (D:4)
  A black bear (D:4)
  2 lemures (D:3)
  A hound (D:4)
  An iguana (D:4)
  An orc wizard (D:4)
  3 hound skeletons (D:4)
  4 gnolls (D:3)
  5 adders
  2 worms (D:3)
  A dart slug (D:2)
  6 orcs
  3 endoplasms
  A giant cockroach (D:3)
  4 goblins
  5 hobgoblins
  4 quokkas
  8 ball pythons
  6 bats
  A frilled lizard (D:3)
  8 kobolds
  2 rats (D:1)
  A spectral hobgoblin (D:1)
71 creatures vanquished.

Notes
Turn   | Place    | Note
-------+----------+-------------------------------------------
     0 | D:1      | Cykl0x the Gargoyle Earth Elementalist began the quest for
                  | the Orb.
     0 | D:1      | Reached XP level 1. HP: 10/10 MP: 3/3
   304 | D:1      | Found a faded altar of an unknown god.
   692 | D:1      | Reached XP level 2. HP: 15/15 MP: 3/5
   770 | D:1      | Found Kionyts's Jewellery Emporium.
   774 | D:1      | Reached skill level 4 in Earth Magic
  1062 | D:1      | Reached skill level 1 in Conjurations
  1331 | D:2      | Reached XP level 3. HP: 15/19 MP: 3/6
  1335 | D:2      | Learned a level 3 spell: Stone Arrow
  1657 | D:2      | Reached XP level 4. HP: 24/24 MP: 1/8
  2160 | D:2      | Found a stormy altar of Qazlal.
  2323 | D:3      | Reached skill level 5 in Earth Magic
  2323 | D:3      | Reached XP level 5. HP: 28/28 MP: 0/9
  2773 | D:3      | Found a snail-covered altar of Cheibriados.
  3024 | D:3      | You fall into a shaft and drop 1 floor!
  3030 | D:4      | Noticed a black bear
  3329 | D:3      | Found an ancient bone altar of Kikubaaqudgha.
  3625 | D:4      | Found a radiant altar of Vehumet.
  3630 | D:4      | Became a worshipper of Vehumet
  3632 | D:4      | Found an iron altar of Okawaru.
  3724 | D:4      | Killed a black bear
  3725 | D:4      | Reached XP level 6. HP: 28/32 MP: 1/12
  3837 | D:4      | Noticed Eustachio
  3844 | D:4      | Killed Eustachio
  3959 | D:4      | Found a blossoming altar of Fedhas.
  3964 | D:4      | Reached XP level 7. HP: 36/36 MP: 5/13
  4149 | D:4      | Reached skill level 1 in Long Blades
  4369 | D:4      | Noticed Pikel
  4571 | D:4      | Slain by Pikel

Illustrated notes

Levels and vault maps discovered:
D:1:      lightli_molten_gateway, layout_basic,
          dreamdust_ecumenical_altar_drowned_temple, serial_shops,
          nicolae_shop_trees, minmay_misc_feat_room, st_stairs_13
D:2:      layout_loops_ring, basic_altar, serial_bayou_pond_e,
          mrwooster_statue_mirror, minmay_bisected
D:3:      layout_rooms, cheibrodos_worm_habitat, lemuel_coloured_pillars_altar,
          minmay_tree_intersection, nicolae_figureground_sparkle
D:4:      layout_basic, kennysheep_little_box, lemuel_tele_altar,
          mainiacjoe_overflow_boulevard, uniq_eustachio, uniq_pikel

Skill      XL: |  1  2  3  4  5  6  7 |
---------------+----------------------+-----
Earth Magic    | 4 5 |  5.9
Conjurations   | 1 2 3 |  3.0
Spellcasting   | 3 4 |  4.5
Dodging        | 2 |  2.0
Long Blades    | 1 |  1.5
Fighting       | |  0.2
Stealth        | |  2.1
Shields        | |  0.9
Transmutations | |  0.7

Action                   |  1- 3 |  4- 6 |  7- 9 || total
-------------------------+-------+-------+-------++-------
Melee: Unarmed           |     8 |       |       ||     8
       Scimitar          |    13 |    16 |     3 ||    32
       Punch             |       |     1 |       ||     1
 Cast: Sandblast         |    32 |    26 |     4 ||    62
       Stone Arrow       |     5 |    28 |    18 ||    51
  Use: Scroll            |     5 |     2 |       ||     7
Armor: Robe              |    20 |    19 |     2 ||    41
Dodge: Dodged            |    28 |    30 |     9 ||    67
Block: Other             |     8 |    11 |     4 ||    23
       Reflection        |       |     2 |       ||     2
